Map: King's Cove LE

Players

zZzzzzzzczii

  • Race: Protoss Protoss
  • League: Diamond
  • Spawn Location: 11:00

wootwoot - Winner!

  • Race: Protoss Protoss
  • League: Diamond
  • Spawn Location: 5:00

VOD

Have the link to the VOD?

Description

Time

  • Played on: April 3, 2025, 12:01 a.m.
  • Length: 3:45
Show
View Real Time Build Order
Export as new Build Order

zZzzzzzzczii Protoss 

Build Orders:  

Get SALT Encoding   

  1  0:00  Probe  
  12  0:05  Probe  
  14  0:20  Pylon  
  14  0:25  Probe  
  15  0:38  Probe  
  16  0:42  Gateway  
  16  0:50  Assimilator  
  16  0:53  Probe  
  17  1:01  Assimilator  
  17  1:05  Probe  
  18  1:12  Pylon  
  18  1:17  Probe  
  19  1:29  Cybernetics Core  
  19  1:33  Gateway  
  19  1:38  Assimilator  
  19  1:41  Probe  
  20  1:54  Probe  
  21  2:06  Probe  
  21  2:07  Adept  
  24  2:11  Adept  
  24  2:19  Probe  
  24  2:21  Pylon  
  27  2:37  Stalker  
Show
View Real Time Build Order
Export as new Build Order

wootwoot Protoss - Winner!

Build Orders:  

Get SALT Encoding   

  12  0:00  Probe  
  13  0:12  Probe  
  14  0:18  Pylon  
  14  0:24  Probe  
  15  0:37  Gateway  
  15  0:42  Assimilator  
  15  0:51  Pylon  
  15  1:10  Gateway  
  15  1:15  Gateway  
  15  1:29  Cybernetics Core  
  15  1:34  Probe  
  16  1:46  Probe  
  17  1:53  Stalker, Warp Gate  
  17  1:54  Stalker  
  21  2:19  Stalker  
  21  2:23  Zealot  
  26  2:37  Probe  
  26  2:46  Stalker  
  28  2:55  Stalker  
  30  3:10  Probe  
  30  3:11  Pylon  
  30  3:12  Pylon  
  31  3:26  Probe  
  28  3:42  Stalker x2  
Tags
 
Matchup
PvP
Replay Pack
B2M-Replays
Spawn Locations
Cross Positions
Add a new tag
Caveats
  • Supply blocks, unpowered buildings, or Contaminate may cause inaccurate times.
  • Supply counts are checked every 10 seconds.